Map: [ESL] Post-Youth

Players

Spirit

  • Race: Terran Terran
  • Spawn Location: 7:00

Reynor - Winner!

  • Race: Zerg Zerg
  • Spawn Location: 1:00

Event: ESL Spring 2024 Finals

VOD

Have the link to the VOD?

Description

Time

  • Played on: June 1, 2024, 3:44 p.m.
  • Length: 10:26

All games in this series

Show
View Real Time Build Order
Export as new Build Order

Spirit Terran 

Build Orders: Reaper Expand, Hellion Banshee 

Get SALT Encoding   

  12  0:00  SCV  
  13  0:12  SCV  
  14  0:17  Supply Depot  
  14  0:24  SCV  
  15  0:39  SCV  
  15  0:40  Barracks  
  16  0:44  Refinery  
  16  0:52  SCV  
  17  1:04  SCV  
  18  1:16  SCV  
  19  1:27  Reaper  
  19  1:29  Orbital Command  
  20  1:41  Command Center  
  20  1:49  Supply Depot  
  20  1:54  SCV  
  20  1:59  Marine  
  22  2:06  SCV  
  23  2:14  Factory  
  23  2:19  SCV  
  24  2:22  Barracks Reactor  
  24  2:31  SCV  
  25  2:41  Command Center  
  25  2:47  SCV  
  26  2:53  Orbital Command  
  26  2:59  SCV  
  26  3:02  Starport  
  27  3:06  Refinery  
  27  3:11  SCV  
  28  3:15  Hellion  
  28  3:18  Hellion  
  32  3:21  SCV  
  32  3:24  SCV  
  34  3:31  Barracks Tech Lab  
  34  3:33  SCV  
  35  3:36  SCV  
  35  3:40  Hellion  
  38  3:43  Hellion  
  38  3:45  SCV  
  38  3:48  SCV  
  43  3:55  Banshee  
  43  3:57  Orbital Command, SCV, Cloaking Field  
  43  4:00  SCV  
  47  4:04  Supply Depot  
  47  4:07  Hellion  
  47  4:09  SCV  
  50  4:11  Hellion  
  50  4:12  SCV  
  53  4:17  Orbital Command, Barracks Tech Lab  
  53  4:21  SCV  
  54  4:24  SCV  
  54  4:30  Supply Depot  
  55  4:34  SCV  
  55  4:37  SCV  
  57  4:38  Banshee  
  57  4:40  Marine, Stimpack  
  57  4:41  Barracks  
  57  4:42  Barracks  
  57  4:44  SCV  
  62  4:49  Factory Reactor  
  62  4:50  Refinery  
  62  4:51  SCV, Refinery  
  63  4:52  Supply Depot  
  63  4:57  SCV x2  
  63  4:58  Marine  
  66  5:04  SCV  
  66  5:05  Engineering Bay x2  
  67  5:09  SCV x2  
  67  5:11  Supply Depot  
  69  5:16  SCV  
  71  5:21  SCV x2  
  71  5:28  Supply Depot, SCV  
  73  5:32  Terran Infantry Weapons Level 1, Terran Infantry Armor Level 1  
  73  5:33  SCV x2, Starport Reactor  
  75  5:35  Supply Depot  
  75  5:39  Siege Tank  
  75  5:40  SCV  
  79  5:44  Marine  
  79  5:45  SCV  
  79  5:49  Marine x4  
  85  5:50  SCV  
  85  5:56  Supply Depot  
  86  5:58  Barracks  
  86  6:00  Barracks  
  86  6:01  SCV x2  
  86  6:02  Marine  
  89  6:05  Refinery  
  89  6:06  Marine  
  89  6:07  Marine  
  89  6:10  Marine  
  89  6:11  Siege Tank  
  95  6:13  Marine, Medivac x2  
  95  6:15  SCV x2  
  102  6:19  Supply Depot, Marine  
  102  6:20  Supply Depot  
  102  6:25  Marine  
  104  6:26  Sensor Tower  
  104  6:27  Marine  
  104  6:28  Marine  
  104  6:31  SCV x2, Marine  
  101  6:33  SCV  
  101  6:37  Marine  
  103  6:43  SCV, Marine, Medivac  
  103  6:45  Siege Tank, Marine  
  103  6:46  Marine  
  112  6:47  SCV  
  112  6:49  Marine  
  112  6:53  Supply Depot  
  115  6:54  Supply Depot  
  115  6:55  Marine, Barracks Reactor  
  115  6:57  Armory, Barracks Reactor  
  115  7:01  Marine  
  116  7:03  Marine  
  115  7:08  Marine  
  115  7:10  Command Center, Medivac  
  115  7:14  Marine  
  115  7:15  Marauder  
  121  7:18  Marine  
  121  7:20  Marine  
  121  7:21  Siege Tank  
  126  7:23  Supply Depot  
  126  7:26  Supply Depot, SCV, Marine  
  128  7:35  Marine  
  128  7:36  Marine x4, Marauder  
  135  7:38  Factory  
  135  7:42  Combat Shield  
  134  7:46  Terran Infantry Weapons Level 2  
  134  7:50  Marine  
  135  7:52  Terran Infantry Armor Level 2  
  135  7:57  SCV x2, Refinery  
  137  8:00  Supply Depot  
  137  8:01  Marine x3  
  137  8:03  SCV  
  137  8:05  Medivac  
  143  8:09  SCV  
  143  8:10  SCV  
  145  8:16  SCV  
  145  8:17  Siege Tank, Medivac  
  145  8:19  Marine  
  149  8:30  SCV x2, Marine, Marauder  
  148  8:36  Barracks  
  148  8:37  Ghost Academy, Barracks  
  148  8:38  SCV  
  147  8:42  Barracks  
  147  8:47  Sensor Tower, Factory Tech Lab  
  147  8:49  Siege Tank, SCV  
  147  8:51  Refinery  
  147  8:52  Refinery  
  151  8:56  Planetary Fortress  
  151  8:58  SCV  
  151  9:01  Concussive Shells  
  152  9:05  SCV x2  
  154  9:10  SCV  
  154  9:11  Marine  
  154  9:12  Marine x4, Marauder  
  159  9:17  SCV, Medivac x2  
  159  9:21  Siege Tank  
  169  9:25  Supply Depot  
  169  9:26  Supply Depot  
  169  9:31  Command Center  
  167  9:33  Siege Tank  
  169  9:39  Marine  
  169  9:41  Marauder  
  139  9:46  Marine  
  139  9:47  Marine x2  
  139  9:50  Medivac  
  139  9:51  Marine  
  139  9:52  Orbital Command, Marine  
  126  10:07  Supply Depot x2  
  124  10:10  Supply Depot x2  
  124  10:14  Supply Depot, Barracks Tech Lab  
  124  10:15  Barracks Tech Lab  
Show
View Real Time Build Order
Export as new Build Order

Reynor Zerg - Winner!

Build Orders: Hatch First 

Get SALT Encoding   

  12  0:00  Drone  
  13  0:07  Drone  
  14  0:15  Drone, Extractor  
  15  0:37  Hatchery  
  15  0:42  Extractor  
  13  0:43  Drone  
  13  0:49  Overlord  
  15  1:05  Spawning Pool  
  15  1:07  Drone  
  15  1:11  Drone  
  15  1:16  Drone  
  17  1:20  Drone  
  18  1:29  Drone  
  20  1:40  Drone  
  20  1:49  Drone  
  20  1:50  Drone  
  20  1:52  Queen x2  
  26  2:00  Drone  
  27  2:02  Zergling x2  
  28  2:10  Overlord  
  28  2:13  Drone, Extractor  
  28  2:29  Spore Crawler, Drone x2  
  29  2:30  Queen  
  29  2:33  Drone  
  29  2:35  Drone  
  34  2:43  Drone  
  35  2:44  Drone  
  35  2:49  Hatchery  
  35  2:54  Overlord  
  35  2:55  Drone  
  36  3:12  Drone x2, Queen  
  40  3:13  Drone x2  
  40  3:15  Queen  
  40  3:17  Metabolic Boost  
  44  3:22  Overlord  
  44  3:26  Overlord  
  44  3:36  Overlord  
  44  3:41  Drone x7  
  44  3:47  Queen  
  53  3:50  Drone  
  53  3:54  Queen  
  56  3:56  Drone  
  56  3:59  Overlord  
  56  4:01  Queen  
  59  4:03  Drone  
  59  4:05  Drone  
  59  4:06  Drone  
  59  4:08  Zergling x4  
  64  4:12  Zergling x4  
  64  4:14  Drone  
  67  4:22  Drone  
  68  4:25  Drone x3  
  68  4:30  Overlord  
  70  4:31  Drone x3  
  70  4:35  Hatchery, Lair  
  70  4:38  Drone x2  
  74  4:43  Spore Crawler  
  74  4:44  Queen  
  75  4:49  Spore Crawler, Drone  
  75  4:50  Drone x2  
  77  4:53  Drone x2  
  77  4:54  Spore Crawler  
  77  4:55  Drone x2  
  77  4:58  Zergling x2  
  81  5:00  Zergling x2  
  81  5:02  Overlord  
  81  5:05  Overlord  
  82  5:12  Overlord  
  82  5:17  Drone, Evolution Chamber, Extractor  
  82  5:18  Spore Crawler, Drone, Evolution Chamber  
  82  5:19  Drone x2  
  82  5:21  Drone x3  
  82  5:22  Drone, Extractor, Baneling Nest  
  82  5:23  Drone  
  85  5:30  Zergling x2  
  85  5:32  Drone x2  
  85  5:35  Overseer  
  88  5:37  Drone x2  
  88  5:40  Hatchery  
  88  5:41  Zergling x4  
  88  5:42  Zergling x2  
  92  5:47  Queen  
  94  5:50  Drone x4  
  94  5:52  Drone x2  
  94  5:54  Extractor  
  94  5:56  Drone  
  100  6:02  Zergling x8  
  100  6:04  Zerg Melee Weapons Level 1, Zerg Ground Armor Level 1  
  103  6:06  Drone x5  
  103  6:10  Overlord  
  107  6:12  Drone  
  107  6:15  Zergling x2  
  108  6:19  Drone x4  
  108  6:21  Centrifugal Hooks  
  108  6:22  Overlord  
  108  6:24  Overlord, Extractor  
  111  6:28  Zergling x12  
  111  6:30  Drone  
  115  6:33  Zergling x2  
  115  6:36  Drone  
  115  6:38  Infestation Pit  
  116  6:44  Zergling x6  
  119  6:48  Zergling x14  
  119  6:49  Hatchery  
  119  6:51  Baneling x3  
  119  6:53  Drone x4  
  119  6:54  Drone  
  130  6:55  Drone  
  130  6:57  Drone x2  
  130  7:01  Spore Crawler  
  132  7:04  Drone x2  
  132  7:08  Overlord  
  134  7:09  Drone x4  
  134  7:15  Hive  
  138  7:18  Zergling x8  
  138  7:20  Hatchery  
  139  7:24  Zergling x6  
  139  7:25  Overlord x2  
  139  7:26  Baneling  
  139  7:27  Baneling x2  
  139  7:28  Zergling x6  
  143  7:34  Zergling x12  
  143  7:36  Overlord  
  149  7:39  Overlord  
  149  7:41  Burrow  
  149  7:45  Zergling x20  
  149  7:49  Overlord  
  159  7:53  Zergling x2  
  159  7:54  Baneling x10, Zergling x10  
  159  7:55  Zergling x2  
  165  7:59  Zerg Melee Weapons Level 2, Zerg Ground Armor Level 2  
  165  8:06  Zergling x12  
  165  8:08  Drone x2  
  165  8:10  Hatchery  
  172  8:16  Overlord  
  172  8:17  Zergling x26  
  185  8:24  Zergling x12  
  179  8:27  Baneling x4  
  179  8:30  Overlord  
  179  8:32  Viper  
  180  8:34  Viper  
  180  8:36  Zergling x6  
  180  8:38  Queen  
  186  8:46  Adrenal Glands  
  185  8:49  Zergling x24  
  185  8:53  Baneling x7  
  185  8:54  Hatchery  
  185  8:55  Zergling x10  
  198  9:03  Zergling x6  
  198  9:10  Ultralisk Cavern  
  198  9:13  Drone x2  
  198  9:14  Drone  
  198  9:15  Extractor  
  198  9:16  Zergling x2  
  197  9:27  Drone x2  
  197  9:29  Extractor  
  198  9:37  Zergling x10  
  199  9:42  Zergling x20  
  199  9:43  Zergling x2  
  189  9:48  Zergling x28  
  189  9:49  Zergling x2  
  196  9:53  Zergling x4  
  196  9:56  Baneling x28  
  193  10:00  Zergling x12  
  193  10:01  Zergling x2  
  193  10:02  Zergling x4  
  193  10:03  Zergling x2  
  198  10:09  Zergling x2  
Tags
 
Add a new tag
Caveats
  • Supply blocks, unpowered buildings, or Contaminate may cause inaccurate times.
  • Supply counts are checked every 10 seconds.